 Dungeon Crawl Stone Soup version 0.29.1-1-gd02db6906a (webtiles) character file.

Game seed: 8139263564184776056

1068 safid the Shooter (level 8, -2/71 HPs)
             Began as a Minotaur Hunter on Oct 21, 2022.
             Was a Follower of Okawaru.
             Slain by an iguana (13 damage)
             ... on level 6 of the Dungeon.
             The game lasted 00:05:58 (4928 turns).

safid the Shooter (Minotaur Hunter)                 Turns: 4928, Time: 00:05:59

Health: -2/71      AC:  5    Str: 22    XL:     8   Next: 7%
Magic:  7/7        EV: 14    Int:  6    God:    Okawaru [*.....]
Gold:   255        SH:  0    Dex: 16    Spells: 7/7 levels left

rFire   . . .      SeeInvis .   a - +0 shortbow
rCold   . . .      Faith    .   (shield currently unavailable)
rNeg    . . .      Spirit   .   c - +0 leather armour
rPois   +          Reflect  .   (helmet restricted)
rElec   .          Harm     .   k - +0 cloak
rCorr   .          Rampage  .   l - +0 pair of gloves
Will    .....                   (no boots)
Stlth   +.........              j - amulet of regeneration
HPRegen 1.01/turn               i - ring of poison resistance
MPRegen 0.10/turn               D - +6 ring of strength

@: no status effects
A: horns 2, retaliatory headbutt
a: Renounce Religion, Heroism


You were on level 6 of the Dungeon.
You worshipped Okawaru.
Okawaru was aware of your devotion.
You visited 2 branches of the dungeon, and saw 7 of its levels.

You collected 255 gold pieces.

Inventory:

Hand Weapons
 a - a +0 shortbow (weapon)
Missiles
 b - 4 curare-tipped darts
 y - a throwing net
Armour
 c - a +0 leather armour (worn)
 k - a +0 cloak (worn)
 l - a +0 pair of gloves (worn)
Jewellery
 i - a ring of poison resistance (left hand)
 j - an amulet of regeneration (around neck)
 D - a +6 ring of strength (right hand)
Wands
 C - a wand of flame (29)
Scrolls
 d - a scroll of magic mapping {unknown}
 f - 4 scrolls of identify {unknown}
 g - 2 scrolls of brand weapon {unknown}
 m - 2 scrolls of fear {unknown}
 r - 2 scrolls of teleportation {unknown}
 t - a scroll of noise {unknown}
 u - a scroll of vulnerability {unknown}
 v - a scroll of enchant armour {unknown}
 A - a scroll of poison {unknown}
 B - a scroll of silence {unknown}
Potions
 e - a potion of magic {unknown}
 h - 3 potions of lignification {unknown}
 n - a potion of degeneration {unknown}
 o - a potion of resistance {unknown}
 p - a potion of mutation {unknown}
 q - 2 potions of curing {unknown}
 s - 2 potions of might {unknown}
 w - a potion of brilliance {unknown}
 x - a potion of heal wounds {unknown}
 z - a potion of flight {unknown}


   Skills:
 + Level 6.8 Fighting
 + Level 7.7 Ranged Weapons
 + Level 6.1 Dodging
 - Level 0.7 Stealth


You had 7 spell levels left.
You didn't know any spells.
Your spell library contained the following spells:

 Spells                   Type           Power      Damage    Failure   Level
 Ensorcelled Hibernation  Hex/Ice        0%         N/A       65%         2
 Passwall                 Tmut/Erth      0%         N/A       65%         2
 Sublimation of Blood     Necr           0%         N/A       65%         2
 Wereblood                Tmut           0%         N/A       65%         2
 Swiftness                Air            0%         N/A       86%         3
 Summon Hydra             Summ           Unusable   N/A       N/A         7

Dungeon Overview and Level Annotations

Branches:
Dungeon (6/15)             Temple (1/1) D:5

Altars:
Ashenzari
Dithmenos
Elyvilon
Fedhas
Gozag
Hepliaklqana
Kikubaaqudgha
Okawaru
Ru
Trog
Vehumet
Xom
Zin
The Shining One


Innate Abilities, Weirdness & Mutations

You have a pair of horns on your head.
You reflexively headbutt those who attack you in melee.


Message History

The arrow hits the gnoll.
The gnoll is heavily wounded.
A gnoll comes into view. It is wielding a +0 flail.
The gnoll sergeant hits you but does no damage.
You shoot an arrow. The arrow hits the gnoll sergeant!
The gnoll sergeant is moderately wounded.
The gnoll sergeant hits you from afar with a +0 spear!
You shoot an arrow. The arrow hits the gnoll sergeant.
The gnoll sergeant is heavily wounded.
The gnoll sergeant hits you from afar with a +0 spear.
The gnoll throws a throwing net.
The throwing net hits you.
You become entangled in the net!
You are held in a net!
You are held in a net!
You are held in a net!
Unknown command.
You struggle against the net.
The iguana bites you.
The gnoll sergeant hits you but does no damage.
The gnoll hits you from afar with a +0 halberd!
You struggle against the net.
The iguana completely misses you.
The gnoll sergeant hits you from afar with a +0 spear.
The gnoll hits you from afar with a +0 halberd!
A howler monkey comes into view.
You rip the net and break free!
The howler monkey howls!
The iguana bites you.
The gnoll sergeant hits you from afar with a +0 spear.
* * * LOW HITPOINT WARNING * * *
The gnoll hits you but does no damage.
The gnoll hits you from afar with a +0 spear.
* * * LOW HITPOINT WARNING * * *
The iguana attacks as you move away! The iguana misses you.
The iguana hisses menacingly.
The iguana attacks as you move away! The iguana bites you!
* * * LOW HITPOINT WARNING * * *
The iguana attacks as you move away! The iguana barely misses you.
The howler monkey hoots and howls with incredible vigour!
You hear a shout!
The iguana attacks as you move away! The iguana bites you!
You die...

##........##
#..........###
#......h.....###
#..............##
#...............#
#.......g.......##
#.........g......#
#.........g.l...##
#.........g.@.### #
#.............## #######
#
#........†..#..####.....#
#
##.........###..##.....##
## #.......###
##........# #. #########
#(........# ##.
#..........####..
#..................
#.....<......#####.


You could see a gnoll sergeant, a howler monkey (catching breath), an iguana and
3 gnolls.

Vanquished Creatures
  An ice beast (D:6)
  2 black bears
  2 ogres (D:5)
  A phantom (D:5)
  2 necrophages
  An oklob sapling (D:5)
  2 hounds
  6 iguanas
  3 gnolls
  6 adders
  A white imp (D:5)
  3 worms
  A dart slug (D:1)
  2 orcs (D:5)
  6 endoplasms
  3 giant cockroaches
  10 goblins
  9 hobgoblins
  4 jackals (D:5)
  3 quokkas
  6 ball pythons
  3 bats
  6 frilled lizards
  9 kobolds
  3 rats
  A spectral hobgoblin (D:4)
96 creatures vanquished.

Vanquished Creatures (others)
  7 plants (D:5)
7 creatures vanquished.

Grand Total: 103 creatures vanquished

Notes
Turn   | Place    | Note
-------+----------+-------------------------------------------
     0 | D:1      | safid the Minotaur Hunter began the quest for the Orb.
     0 | D:1      | Reached XP level 1. HP: 18/18 MP: 0/0
   202 | D:1      | Reached XP level 2. HP: 26/26 MP: 1/1
   347 | D:1      | Reached skill level 5 in Ranged Weapons
   885 | D:1      | Reached XP level 3. HP: 31/31 MP: 2/2
  1352 | D:2      | Found a faded altar of an unknown god.
  1461 | D:2      | Reached XP level 4. HP: 38/38 MP: 3/3
  2262 | D:3      | Found a glowing golden altar of the Shining One.
  2315 | D:3      | Found a radiant altar of Vehumet.
  2777 | D:4      | Reached XP level 5. HP: 46/46 MP: 4/4
  2841 | D:4      | Found a hazy altar of Hepliaklqana.
  3449 | D:5      | Entered Level 5 of the Dungeon
  3452 | D:5      | Noticed a phantom
  3469 | D:5      | Killed a phantom
  3470 | D:5      | Reached skill level 6 in Ranged Weapons
  3505 | D:5      | Reached XP level 6. HP: 47/53 MP: 5/5
  3629 | D:5      | Reached skill level 5 in Fighting
  3703 | D:5      | Found a staircase to the Ecumenical Temple.
  3825 | Temple   | Entered the Ecumenical Temple
  3856 | Temple   | Became a worshipper of Warmaster Okawaru
  3968 | D:5      | Found an opulent altar of Gozag.
  3983 | D:5      | Reached skill level 5 in Dodging
  3983 | D:5      | Reached XP level 7. HP: 57/61 MP: 6/6
  4112 | D:5      | Reached skill level 7 in Ranged Weapons
  4695 | D:6      | Reached * piety under Okawaru
  4895 | D:6      | Reached XP level 8. HP: 71/71 MP: 7/7
  4928 | D:6      | Slain by an iguana

Illustrated notes

Levels and vault maps discovered:
D:1:      reono_arrival_forest_river, layout_loops_ring
D:2:      layout_basic, chequers_ecumenical_altar_island, minmay_pentomino_u4
D:3:      layout_loops_ring, nicolae_tso_swordbearing_angel,
          mainiacjoe_overflow_tiny_flanked, kennysheep_cross_bottleneck,
          corexii_hall_statues_i, minmay_tree_intersection
D:4:      layout_cave_pods, nicolae_hepliaklqana_monster_ancestors
D:5:      layout_basic, mainiacjoe_overflow_24_doors, minmay_temple_entry_oklob,
          corexii_leaking_fountain, lemuel_flamethrower_1
D:6:      layout_cave_pods, nicolae_overflow_hidden_temple
Temple:   compressed_dpeg_triangle_lava_temple

Skill      XL: |  1  2  3  4  5  6  7 |
---------------+----------------------+-----
Fighting       | 3 4 5 6 |  6.8
Ranged Weapons | 5 6 7 |  7.7
Dodging        | 3 4 5 6 |  6.1
Stealth        | |  0.7

Action                   |  1- 3 |  4- 6 |  7- 9 || total
-------------------------+-------+-------+-------++-------
 Fire: Shortbow          |   115 |   192 |    88 ||   395
Armor: Leather armour    |    12 |    15 |    22 ||    49
Dodge: Dodged            |    32 |    46 |    35 ||   113
